 Dungeon Crawl Stone Soup version 0.20.1-1-g8b1a95d (webtiles) character file.

182 NoNouf the Skirmisher (level 5, -2/59 HPs)
             Began as an Ogre Monk on July 10, 2017.
             Killed by divine providence
             ... invoked by an orc priest
              (11 damage)
             ... on level 4 of the Dungeon on July 11, 2017.
             The game lasted 00:28:44 (3847 turns).

NoNouf the Skirmisher (Ogre Monk)                   Turns: 3847, Time: 00:28:45

Health: -2/59      AC:  4    Str: 14 (15) XL:     5   Next: 61%
Magic:  0/5        EV: 11    Int:  9 (11) God:
Gold:   101        SH:  0    Dex: 11 (12) Spells: 4/4 levels left

rFire    . . .     SeeInvis .   a - +1 mace
rCold    . . .     Gourm    .   (no shield)
rNeg     . . .     Faith    .   b - +1 robe
rPois    .         Spirit   +   (helmet restricted)
rElec    .         Reflect  .   d - scarf {cloud immunity}
rCorr    .         Harm     .   (gloves unavailable)
MR       .....                  (boots unavailable)
Stlth    ++........             l - amulet of guardian spirit
Regen    0.2/turn               (no ring)
MPRegen  0.1/turn               (no ring)

@: no status effects
A: unfitting armour, tough skin 1
a: no special abilities


You were on level 4 of the Dungeon.
You were hungry.

You visited 1 branch of the dungeon, and saw 4 of its levels.

You collected 101 gold pieces.

Inventory:

Hand Weapons
 a - a +1 mace (weapon)
Missiles
 n - 121 stones (quivered)
Armour
 b - a +1 robe (worn)
 d - a scarf of cloud immunity (worn)
 s - a cursed +0 robe
Jewellery
 l - an amulet of guardian spirit (around neck)
Scrolls
 e - 2 scrolls of teleportation
 g - 2 scrolls of fog {unknown}
 k - a scroll of identify
 q - a scroll of noise {unknown}
 u - a scroll of recharging {unknown}
 v - a scroll of remove curse
Potions
 f - 2 potions of curing
 i - 2 potions of heal wounds {unknown}
 o - a potion of lignification {unknown}
 r - 2 potions of flight {unknown}
 t - a potion of invisibility {unknown}
Comestibles
 c - 5 bread rations
 j - a royal jelly
 m - a meat ration
 p - a fruit


   Skills:
 + Level 6.1 Fighting
 - Level 2.6 Maces & Flails
 - Level 2.0 Throwing
 + Level 3.9 Dodging
 - Level 1.4 Stealth


You had 4 spell levels left.
You didn't know any spells.

Dungeon Overview and Level Annotations

Branches:
Dungeon (4/15)
 Temple: D:4-7

Altars:
Ru
Yredelemnul
Zin

Shops:
D:2 *


Innate Abilities, Weirdness & Mutations

You are too large for most types of armour.
You have tough skin. (AC +1)


Message History

* * * LOW HITPOINT WARNING * * *
You hear some strange, mumbled words.
A puff of frost appears from out of thin air!
The puff of frost misses you.
You hear some strange, mumbled words.
A puff of flame appears from out of thin air!
The puff of flame misses you.
You hear some strange, mumbled words.
A puff of flame appears from out of thin air!
The puff of flame misses you.
You open the door. Something hits you.
* * * LOW HITPOINT WARNING * * *
It was a potion of curing.
You feel better.
You hear some strange, mumbled words.
A magic dart appears from out of thin air!
The magic dart hits you!
* * * LOW HITPOINT WARNING * * *
The orc priest invokes the aid of Beogh against you.
Beogh smites you!
You die...

##+#######....#.....o#....#
+.............#......#+####
#.............#####'#o....#
#.............'.....#.....#
#....##.......#.....#.....#
#....##.......#.....#.....#
#.............#.....#.....#
#.............#######o....#
#.............#@...o.######
##.............'......#
...............#......#
...............#......#
##....##.......#......#
##....##.......#......#
#..............#......#
#..............#......#
#..............########


You could see an orc priest and an orc.

Vanquished Creatures
  2 worker ants (D:4)
  Robin (D:3)
  2 adders (D:3)
  An ooze (D:3)
  3 dart slugs
  2 leopard geckos (D:2)
  4 orcs (D:3)
  4 ball pythons
  8 bats
  3 giant cockroaches
  18 goblins
  12 hobgoblins
  3 jackals (D:3)
  10 kobolds
  2 quokkas (D:2)
  3 frilled lizards
  2 gnoll zombies (D:3)
  2 rats
82 creatures vanquished.

Notes
Turn   | Place    | Note
-------+----------+-------------------------------------------
     0 | D:1      | NoNouf the Ogre Monk began the quest for the Orb.
     0 | D:1      | Reached XP level 1. HP: 24/24 MP: 1/1
   236 | D:1      | Reached XP level 2. HP: 14/33 MP: 2/2
   891 | D:1      | Reached XP level 3. HP: 32/41 MP: 3/3
  1240 | D:2      | Reached skill level 5 in Fighting
  1301 | D:2      | Found Zin's Purification Station.
  1304 | D:2      | Found a glowing silver altar of Zin.
  1396 | D:2      | Reached skill level 1 in Throwing
  1649 | D:2      | Found a sacrificial altar of Ru.
  1859 | D:3      | Reached XP level 4. HP: 50/50 MP: 4/4
  2581 | D:3      | Found a basalt altar of Yredelemnul.
  2781 | D:3      | Noticed Robin
  2880 | D:3      | Killed Robin
  2880 | D:3      | Reached XP level 5. HP: 37/58 MP: 3/5
  3552 | D:4      | Reached skill level 6 in Fighting
  3847 | D:4      | Killed from afar by an orc priest

Skill      XL: |  1  2  3  4  5 |
---------------+----------------+-----
Dodging        | 3 |  3.9
Fighting       | 5 6 |  6.1
Throwing       | 1 2 |  2.0
Maces & Flails | |  2.6
Stealth        | |  1.4

Action                   |  1- 3 |  4- 6 || total
-------------------------+-------+-------++-------
Melee: Mace              |   138 |   105 ||   243
Throw: Stone             |    27 |   131 ||   158
  Use: Scroll            |     6 |     1 ||     7
       Potion            |       |     4 ||     4
 Stab: Sleeping          |     4 |       ||     4
       Distracted        |       |     1 ||     1
  Eat: Chunk             |     3 |     6 ||     9
Armor: Robe              |    47 |    22 ||    69
Dodge: Dodged            |    83 |    70 ||   153
